Map: Neon Violet Square LE

Players

SealOil

  • Race: Zerg Zerg
  • League: Diamond
  • Spawn Location: 11:00

axu - Winner!

  • Race: Protoss Protoss
  • League: Platinum
  • Spawn Location: 5:00

VOD

Have the link to the VOD?

Description

Time

  • Played on: April 24, 2018, 12:13 p.m.
  • Length: 20:11
Show
View Real Time Build Order
Export as new Build Order

SealOil Zerg 

Build Orders: Hatch First 

Get SALT Encoding   

  12  0:01  Drone  
  13  0:14  Overlord  
  13  0:19  Drone  
  14  0:34  Drone  
  14  0:35  Drone  
  16  0:37  Drone  
  17  0:50  Drone  
  18  0:59  Hatchery  
  17  1:05  Drone  
  17  1:10  Drone  
  19  1:28  Drone  
  19  1:30  Extractor  
  19  1:33  Spawning Pool  
  19  1:36  Overlord  
  18  1:44  Drone  
  19  2:08  Hatchery  
  19  2:14  Overlord  
  17  2:18  Drone  
  17  2:19  Drone x2  
  17  2:21  Queen  
  22  2:29  Queen  
  24  2:32  Drone  
  25  2:39  Drone  
  25  2:40  Drone  
  25  2:43  Drone  
  28  2:48  Drone  
  29  2:55  Drone x2  
  31  3:01  Queen  
  31  3:03  Overlord  
  33  3:13  Drone x2  
  33  3:19  Zergling x2  
  36  3:20  Zergling x2  
  36  3:23  Queen  
  36  3:24  Drone  
  40  3:30  Drone x2  
  42  3:34  Metabolic Boost  
  42  3:37  Extractor  
  42  3:38  Drone x2  
  42  3:39  Drone  
  44  3:47  Drone  
  45  3:49  Drone  
  45  3:50  Drone x4  
  50  4:00  Drone x2  
  50  4:01  Drone x2  
  54  4:10  Lair  
  54  4:11  Zergling x2  
  54  4:12  Zergling x6  
  57  4:43  Roach Warren, Zergling x2  
  57  4:44  Zergling x2  
  57  4:46  Overlord  
  57  4:47  Overlord x3, Extractor x2  
  55  4:52  Spine Crawler  
  55  4:54  Spine Crawler  
  53  5:00  Zergling x2  
  53  5:01  Zergling x8  
  58  5:24  Zergling x2  
  58  5:25  Zergling x8  
  58  5:26  Roach x8  
  79  5:29  Glial Reconstitution  
  79  5:35  Hydralisk Den  
  79  5:40  Evolution Chamber  
  79  5:41  Drone  
  79  5:42  Evolution Chamber, Drone x2  
  79  5:47  Drone  
  79  5:48  Drone x6  
  68  6:41  Hatchery  
  68  6:43  Drone x4  
  68  6:44  Drone x14  
  85  7:00  Extractor  
  83  7:02  Extractor  
  77  7:11  Drone x2  
  77  7:12  Drone x2  
  77  7:13  Drone x4  
  83  7:20  Zerg Ground Armor Level 1, Zerg Missile Weapons Level 1  
  83  7:21  Hydralisk x3  
  89  7:24  Grooved Spines  
  89  7:42  Overlord x4  
  89  7:43  Overlord x3  
  89  7:47  Hatchery  
  88  8:01  Drone x2  
  88  8:02  Drone x6  
  88  8:03  Drone x3  
  99  8:05  Overseer  
  99  8:10  Hydralisk  
  99  8:11  Hydralisk x3  
  107  8:14  Roach x2  
  107  8:16  Zergling x2  
  112  8:20  Queen  
  114  8:28  Pneumatized Carapace  
  114  8:32  Spire  
  113  8:36  Muscular Augments  
  113  8:39  Extractor  
  113  8:40  Extractor  
  112  8:41  Drone x3  
  112  8:43  Drone x3  
  117  8:50  Drone x10  
  117  8:54  Spore Crawler  
  126  8:57  Hydralisk x2  
  126  8:58  Hydralisk  
  132  9:31  Infestation Pit  
  132  9:33  Roach x5, Hydralisk x3  
  132  9:34  Hydralisk  
  149  9:47  Spore Crawler  
  148  10:07  Overlord x4  
  148  10:08  Overlord x3  
  148  10:09  Overlord  
  148  10:21  Roach  
  148  10:22  Hydralisk  
  148  10:24  Hydralisk x2  
  148  10:25  Hydralisk x4  
  148  10:26  Hydralisk x6  
  148  10:27  Hydralisk x5  
  179  10:42  Zerg Ground Armor Level 2, Zerg Missile Weapons Level 2  
  179  10:45  Burrow  
  125  11:08  Hydralisk  
  125  11:09  Hydralisk x17  
  92  11:44  Hydralisk  
  92  11:45  Hydralisk x13  
  112  12:00  Queen  
  114  12:07  Hatchery, Queen  
  114  12:08  Hatchery  
  114  12:27  Hydralisk x7  
  128  12:36  Queen  
  130  12:55  Zergling x8  
  130  12:56  Zergling x28  
  148  13:24  Hive  
  148  13:26  Drone  
  148  13:27  Drone x15  
  155  13:28  Drone  
  147  14:21  Drone x4  
  151  14:25  Roach, Extractor  
  151  14:26  Roach x11  
  174  14:34  Spine Crawler  
  173  14:39  Spine Crawler  
  173  14:40  Spine Crawler  
  173  14:41  Zerg Missile Weapons Level 3, Zerg Ground Armor Level 3  
  173  14:42  Ultralisk Cavern  
  173  14:44  Adrenal Glands  
  173  14:45  Zergling x2  
  171  14:46  Zergling x10  
  176  15:03  Drone x3  
  176  15:04  Drone x11  
  190  15:23  Mutalisk  
  190  15:24  Mutalisk x2  
  140  16:02  Hydralisk  
  140  16:03  Hydralisk x17  
  126  16:30  Ultralisk x2  
  126  16:31  Ultralisk x3  
  158  16:45  Hydralisk  
  158  16:46  Hydralisk x3  
  109  17:18  Zerg Melee Weapons Level 1  
Show
View Real Time Build Order
Export as new Build Order

axu Protoss - Winner!

Build Orders: 1 Gate Expand 

Get SALT Encoding   

  12  0:01  Probe  
  13  0:13  Probe  
  14  0:21  Pylon  
  14  0:25  Probe  
  15  0:39  Probe  
  16  0:45  Gateway  
  16  0:52  Probe  
  17  0:57  Assimilator  
  17  1:02  Probe  
  18  1:10  Probe  
  19  1:18  Probe  
  20  1:35  Nexus  
  20  1:41  Pylon  
  20  1:49  Probe  
  20  1:53  Assimilator  
  21  2:06  Zealot  
  23  2:11  Cybernetics Core  
  23  2:14  Probe  
  23  2:22  Probe  
  25  2:31  Probe  
  26  2:42  Pylon  
  26  2:43  Probe  
  27  2:48  Probe  
  28  2:53  Warp Gate  
  28  2:54  Adept  
  28  2:56  Probe  
  31  3:00  Probe  
  32  3:08  Probe  
  32  3:12  Probe  
  34  3:23  Probe  
  34  3:24  Probe  
  35  3:30  Gateway  
  35  3:32  Gateway x2  
  35  3:35  Probe  
  35  3:37  Twilight Council, Probe  
  37  3:41  Adept  
  37  3:47  Probe  
  40  3:49  Probe  
  41  4:01  Resonating Glaives, Probe x2  
  43  4:05  Assimilator  
  43  4:08  Assimilator  
  43  4:12  Robotics Facility  
  43  4:13  Probe  
  44  4:25  Probe x2  
  46  4:37  Probe  
  47  4:52  Pylon  
  47  4:58  Pylon  
  47  5:00  Immortal  
  47  5:01  Pylon  
  47  5:07  Probe  
  47  5:08  Probe  
  47  5:11  Adept x4  
  61  5:16  Pylon  
  61  5:33  Adept x2  
  61  5:34  Adept x2  
  69  5:36  Nexus  
  69  5:47  Immortal  
  53  6:27  Adept x3  
  53  6:28  Adept  
  53  6:31  Immortal  
  65  6:38  Templar Archives  
  65  6:39  Gateway  
  65  6:41  Gateway  
  65  6:57  Probe x3  
  66  7:09  Probe x2  
  66  7:10  Immortal  
  66  7:13  Sentry x3  
  66  7:14  Sentry  
  74  7:18  Psionic Storm  
  74  7:24  Forge  
  74  7:26  Forge  
  74  7:28  Probe x3  
  77  7:32  Pylon  
  77  7:37  Pylon  
  77  7:39  Zealot  
  77  7:40  Zealot, Probe x3  
  77  7:41  Adept x2, Protoss Ground Weapons Level 1  
  77  7:42  Adept  
  77  7:43  Protoss Ground Armor Level 1  
  90  7:45  Charge  
  90  7:48  Assimilator  
  90  7:52  Assimilator, Probe x2  
  90  7:54  Pylon, Probe  
  90  7:58  Zealot, Pylon  
  93  8:04  Probe  
  96  8:19  Adept x2  
  100  8:20  Adept x2  
  100  8:21  High Templar x2  
  108  8:48  Zealot x2  
  112  8:49  High Templar x2  
  112  8:53  Nexus  
  116  8:56  Pylon  
  116  8:57  Immortal  
  116  8:58  Pylon  
  116  9:02  Assimilator  
  120  9:06  Assimilator  
  120  9:07  Pylon  
  120  9:09  Pylon  
  120  9:22  Shield Battery  
  120  9:25  Shield Battery  
  120  9:31  Photon Cannon  
  120  9:33  Photon Cannon  
  120  9:34  Observer, Photon Cannon  
  120  9:35  Photon Cannon  
  120  9:38  Photon Cannon  
  121  9:44  Photon Cannon  
  121  9:47  Warp Prism  
  121  9:54  High Templar x5  
  121  9:55  Protoss Ground Armor Level 2, High Templar, Protoss Ground Weapons Level 2  
  121  9:58  Archon x3  
  100  11:06  Zealot x4  
  100  11:07  Zealot x2  
  98  11:27  Warp Prism  
  98  11:30  Zealot x4  
  98  11:31  Zealot x2  
  72  11:56  Immortal  
  60  12:07  High Templar x6  
  76  12:13  Pylon  
  76  12:16  Pylon  
  76  12:23  Gateway  
  76  12:25  Gateway  
  76  12:26  Gateway  
  76  12:28  Gateway  
  76  12:31  Shield Battery  
  76  12:32  Immortal, Shield Battery  
  76  12:35  Photon Cannon  
  76  12:37  Photon Cannon  
  79  12:45  Robotics Facility  
  79  12:46  Protoss Ground Weapons Level 3  
  79  12:52  Protoss Shields Level 1  
  79  12:53  High Templar  
  79  12:54  High Templar x5  
  79  12:57  Archon  
  79  12:58  Archon  
  91  12:59  Archon  
  91  13:10  Immortal  
  95  13:31  Zealot x4  
  95  13:32  Zealot x2  
  107  13:34  Immortal  
  107  13:41  Immortal  
  111  13:50  Zealot  
  111  13:51  Zealot x4  
  111  13:52  Zealot x5  
  135  14:14  Zealot  
  135  14:15  High Templar x4  
  135  14:16  High Templar x5  
  155  14:19  Immortal  
  155  14:20  Immortal  
  155  14:23  Archon x4  
  163  14:44  Stargate  
  163  14:47  Stargate  
  163  14:49  Stargate  
  163  14:58  Observer  
  163  14:59  Observer  
  165  15:09  Zealot x4  
  165  15:10  Zealot x3  
  147  16:17  Zealot x5  
  147  16:18  Zealot x4  
  159  16:47  Zealot x7  
  161  16:48  Zealot x3  
Tags
 
Add a new tag
Caveats
  • Supply blocks, unpowered buildings, or Contaminate may cause inaccurate times.
  • Supply counts are checked every 10 seconds.